 Dungeon Crawl Stone Soup version 0.20.0-4-g10b340a (webtiles) character file.

82 Monsterracer the Ruffian (level 4, -3/38 HPs)
             Began as a Naga Transmuter on May 27, 2017.
             Slain by Natasha (7 damage)
             ... on level 2 of the Dungeon.
             The game lasted 00:02:51 (1599 turns).

Monsterracer the Ruffian (Naga Transmuter)          Turns: 1599, Time: 00:02:51

Health: -3/38      AC:  2    Str: 13    XL:     4   Next: 43%
Magic:  0/7        EV: 10    Int: 14    God:
Gold:   85         SH:  0    Dex: 11    Spells: 1/7 levels left

rFire    . . .     SeeInvis +     - Unarmed
rCold    . . .     Gourm    .   (no shield)
rNeg     . . .     Faith    .   b - +0 robe
rPois    +         Spirit   .   (no helmet)
rElec    .         Reflect  .   (no cloak)
rCorr    .         Harm     .   (no gloves)
MR       .....                  (no barding)
Stlth    +.........             (no amulet)
Regen    0.2/turn               (no ring)
MPRegen  0.1/turn               (no ring)

@: appendage, very slightly contaminated, very slow
A: horns 2, see invisible, deformed body, poison resistance, slowness 2, slow
metabolism 1, spit poison 1, AC +1
a: Spit Poison, End Transformation


You were on level 2 of the Dungeon.
You were not hungry.
You had grown temporary horns.
You visited 1 branch of the dungeon, and saw 2 of its levels.

You collected 85 gold pieces.

Inventory:

Missiles
 a - 33 arrows
 o - 6 tomahawks (quivered)
Armour
 b - a +0 robe (worn)
Jewellery
 m - an uncursed ring of ice
Scrolls
 e - 2 scrolls of fear {unknown}
 h - 5 scrolls of identify {unknown}
 i - a scroll of remove curse {unknown}
 j - a scroll of blinking {unknown}
 k - a scroll of fog {unknown}
 l - a scroll of recharging {unknown}
Potions
 p - a potion of curing
Books
 c - a book of Changes

   Spells                             Type                      Level
   a - Beastly Appendage              Transmutation                1
   b - Sticks to Snakes               Transmutation                2
   c - Spider Form                    Transmutation/Poison         3
   d - Ice Form                       Ice/Transmutation            4
   e - Blade Hands                    Transmutation                5
Comestibles
 d - 2 bread rations
 f - 2 fruits
 g - 3 meat rations
 n - a chunk of flesh


   Skills:
 - Level 1.0 Fighting
 - Level 1.5 Dodging
 * Level 4.8 Unarmed Combat
 - Level 2.0 Spellcasting
 - Level 2.0 Transmutations
 + Level 1.5 Poison Magic


You had one spell level left.
You knew the following spells:

 Your Spells              Type           Power        Failure   Level  Hunger
a - Beastly Appendage     Tmut           #.....       11%         1    ##.....
b - Sticks to Snakes      Tmut           #.......     16%         2    ###....
c - Spider Form           Tmut/Pois      #.........   34%         3    ####...


Dungeon Overview and Level Annotations

Branches:
Dungeon (2/15)

Altars:

Annotations:
D:2 Natasha


Innate Abilities, Weirdness & Mutations

You cannot wear boots.
Your serpentine skin is tough. (AC +1)
You have supernaturally acute eyesight. (SInv)
Armour fits poorly on your strangely shaped body.
Your system is resistant to poisons. (rPois)
You cover ground very slowly.
You have a slow metabolism.
You can spit poison.
You have a pair of horns on your head.


Message History

You butcher the felid corpse of Natasha.
You see here a chunk of flesh.
Natasha casts a spell at you. The magic dart hits you!
* * * LOW HITPOINT WARNING * * *
Throwing (i - inventory):
o - 7 tomahawks (quivered)
Press: ? - help, Shift-Dir - straight line, f - Natasha
Aim: Natasha You throw a tomahawk.
The tomahawk hits Natasha.
Natasha is lightly wounded.
Natasha howls an incantation.
Natasha's front paws start to glow.
You closely miss Natasha.
Natasha is lightly wounded.
Natasha claws you!
* * * LOW HITPOINT WARNING * * *
Casting: Sticks to Snakes
Confirm with . or Enter, or press ? or * to list all spells.
You grow a pair of large bovine horns.
Natasha claws you!
You die...

# ####.#
#####....######## #.....#
#.....# #.....# #.....#
########.....#####.....##
.......................#.
.....).......####......#.
........@h(..# #.......#.
........%....###.#.....#.
..............#..######..
................# ##.....
#............#.####..##..
........?...........###.#
.##....###.####..........
...... .# #..........
##...# .. #..........


You could see Natasha.

Vanquished Creatures
  Natasha (twice) (D:2)
  2 worms
  A dart slug (D:2)
  4 leopard geckos (D:1)
  5 bats (D:1)
  A giant cockroach (D:1)
  A goblin (D:2)
  3 hobgoblins
  3 kobolds
  A quokka (D:2)
  4 rats
27 creatures vanquished.

Notes
Turn   | Place    | Note
-------+----------+-------------------------------------------
     0 | D:1      | Monsterracer the Naga Transmuter began the quest for the Orb.
     0 | D:1      | Reached XP level 1. HP: 18/18 MP: 3/3
   355 | D:1      | Reached XP level 2. HP: 13/25 MP: 5/5
   361 | D:1      | Learned a level 2 spell: Sticks to Snakes
   948 | D:1      | Reached skill level 4 in Unarmed Combat
  1043 | D:1      | Reached XP level 3. HP: 31/31 MP: 6/6
  1171 | D:2      | Learned a level 3 spell: Spider Form
  1354 | D:2      | Found a faded altar of an unknown god.
  1437 | D:2      | Noticed Natasha
  1446 | D:2      | Killed Natasha
  1446 | D:2      | Reached skill level 1 in Poison Magic
  1506 | D:2      | Reached XP level 4. HP: 38/38 MP: 0/7
  1580 | D:2      | Noticed Natasha
  1592 | D:2      | Killed Natasha
  1594 | D:2      | Noticed Natasha
  1599 | D:2      | Slain by Natasha

Skill      XL: |  1  2  3 |
---------------+----------+-----
Unarmed Combat | 4 |  4.8
Poison Magic   | 1 |  1.5
Fighting       | |  1.0
Dodging        | |  1.5
Spellcasting   | |  2.0
Transmutations | |  2.0

Action                   |  1- 3 |  4- 6 || total
-------------------------+-------+-------++-------
Melee: Unarmed           |   110 |     5 ||   115
       Headbutt          |     1 |       ||     1
       Punch             |     1 |       ||     1
Throw: Tomahawk          |       |     1 ||     1
 Cast: Beastly Appendage |     1 |     1 ||     2
       Spider Form       |     1 |       ||     1
       Sticks to Snakes  |     1 |       ||     1
 Abil: Spit Poison       |     3 |       ||     3
  Use: Potion            |     2 |       ||     2
 Stab: Sleeping          |     1 |       ||     1
  Eat: Chunk             |     1 |     1 ||     2
Armor: Robe              |    27 |       ||    27
Dodge: Dodged            |    80 |     2 ||    82
